 Dungeon Crawl Stone Soup version 0.19.5 (webtiles) character file.

243 Gargoyl the Skirmisher (level 6, 0/52 (53) HPs)
             Began as a Ghoul Abyssal Knight on May 4, 2017.
             Was a Believer of Lugonu.
             Slain by Pikel
             ... wielding a +1 whip of electrocution
              (15 damage)
             ... on level 4 of the Dungeon.
             The game lasted 00:06:45 (3361 turns).

Gargoyl the Skirmisher (Ghoul Abyssal Knight)       Turns: 3361, Time: 00:06:46

HP:   0/52 (53)     AC: 16    Str: 16    XL:     6   Next: 9%
MP:   7/7           EV:  5    Int:  8    God:    Lugonu [**....]
Gold: 156           SH:  0    Dex:  9    Spells: 0 memorised, 5 levels left

rFire  . . .     SeeInvis .     a - +2 hand axe
rCold  + . .     Gourm    .     f - +0 plate armour
rNeg   + + +     Faith    .     (no shield)
rPois  ∞         Spirit   .     d - +2 helmet
rElec  .         Reflect  .     b - +0 cloak
rCorr  .         Harm     .     (no gloves)
MR     .....                    (no boots)
Stlth  ..........               (no amulet)
                                (no ring)
                                (no ring)

@: rotting
A: rotting body, claws 1, carnivore 3, cold resistance 1, negative energy
resistance 3, slow regeneration 1, torment resistance, unbreathing
a: Depart the Abyss, Bend Space, Renounce Religion


You were on level 4 of the Dungeon.
You worshipped Lugonu.
Lugonu was pleased with you.
You were not hungry.

You visited 1 branch of the dungeon, and saw 4 of its levels.
You visited the Abyss 1 time.

You collected 156 gold pieces.

Inventory:

Hand Weapons
 a - a +2 hand axe (weapon)
Missiles
 j - 3 javelins (quivered)
Armour
 b - a +0 cloak (worn)
 d - a +2 helmet (worn)
 f - a +0 plate armour (worn)
Scrolls
 e - a scroll of amnesia
 g - 3 scrolls of recharging
Potions
 l - 2 potions of cure mutation
Comestibles
 c - 2 meat rations


   Skills:
 + Level 4.3 Fighting
 + Level 2.8 Axes
 * Level 3.8 Armour
 + Level 1.1 Dodging
 * Level 3.3 Invocations


You had 5 spell levels left.
You didn't know any spells.

Dungeon Overview and Level Annotations

Branches:
Dungeon (4/15)             Temple (0/1) D:4

Altars:
Nemelex Xobeh

Annotations:
D:3 Ferinko's ghost, amateur MiFi
D:4 Pikel


Innate Abilities, Weirdness & Mutations

Your body is rotting away.
You thrive on raw meat.
You are immune to poison.
You have sharp fingernails.
You are carnivorous and can eat meat at any time.
Your flesh is cold resistant. (rC+)
You are immune to negative energy. (rN+++)
You regenerate slowly when monsters are visible.
You are immune to unholy pain and torment.
You can survive without breathing.


Message History

Your plate armour prevents you from hitting Pikel.
Pikel is moderately wounded.
Pikel hits you but does no damage.
You are electrocuted!
You slash Pikel!
Pikel is heavily wounded.
Pikel hits you with a whip of electrocution.
You hit Pikel but do no damage.
Pikel is heavily wounded.
Pikel barely misses you.
You closely miss Pikel.
Pikel is heavily wounded.
Pikel hits you but does no damage.
You closely miss Pikel.
Pikel is heavily wounded.
Pikel hits you but does no damage.
You are electrocuted!
* * * LOW HITPOINT WARNING * * *
You hit Pikel but do no damage.
Pikel is heavily wounded.
Pikel hits you but does no damage.
You are electrocuted!
You die...

##.#.##.####.........
#................#.##
#
#..#.##.####.##(.#.##
.##.)#.##.#
#.##.....#
..........#
#.###.#..# ##.#.#.###
#.###.#..# ..###.#
#......... #.#.##
########.# #@## #.#
#K# #.# #p# #.# #p#
#..


pp. #.# #.# ##.# #.# ... #.. .. .. You could see Pikel and 4 slaves.

Vanquished Creatures
  A hound (D:4)
  Crazy Yiuf (D:2)
  Ijyb (D:2)
  Terence (D:2)
  A worker ant (D:4)
  Robin (D:2)
  3 adders
  An ooze (D:1)
  A worm (D:4)
  A dart slug (D:1)
  3 leopard geckos
  2 ball pythons
  A bat (D:1)
  5 hobgoblins
  6 jackals
  A frilled lizard (D:2)
  20 goblins
  2 kobolds (D:2)
  A quokka skeleton (D:4)
  6 rats
59 creatures vanquished.

Vanquished Creatures (others)
  A starspawn tentacle (Abyss:2)
1 creature vanquished.

Grand Total: 60 creatures vanquished

Notes
Turn   | Place    | Note
-------+----------+-------------------------------------------
     0 | Abyss:1  | Gargoyl the Ghoul Abyssal Knight began the quest for the Orb.
     0 | Abyss:1  | Reached XP level 1. HP: 19/19 MP: 1/1
    70 | Abyss:2  | Noticed a chaos spawn
   124 | Abyss:2  | Noticed a large abomination
   128 | Abyss:2  | Noticed a large abomination
   130 | Abyss:2  | Noticed a tentacled starspawn
   133 | D:1      | Escaped the Abyss
   437 | D:1      | Reached XP level 2. HP: 26/26 MP: 2/2
   625 | D:1      | Found a sparkling altar of Nemelex Xobeh.
   834 | D:1      | Reached * piety under Lugonu
   911 | D:1      | Reached XP level 3. HP: 33/33 MP: 3/3
  1276 | D:2      | Reached skill level 1 in Dodging
  1462 | D:2      | Reached XP level 4. HP: 40/40 MP: 4/4
  1474 | D:2      | Noticed Robin
  1485 | D:2      | Reached ** piety under Lugonu
  1496 | D:2      | Killed Robin
  1568 | D:2      | Noticed Ijyb
  1632 | D:2      | Killed Ijyb
  1715 | D:2      | Noticed Terence
  1737 | D:2      | Killed Terence
  1737 | D:2      | Reached skill level 4 in Fighting
  1737 | D:2      | Reached XP level 5. HP: 30/46 MP: 6/6
  1866 | D:2      | Found a runed door.
  1870 | D:2      | Noticed Crazy Yiuf
  1875 | D:2      | Paralysed by Crazy Yiuf for 7 turns
  1891 | D:2      | Killed Crazy Yiuf
  2240 | D:3      | Noticed Ferinko's ghost (amateur MiFi)
  2756 | D:4      | Noticed an ogre
  2759 | D:4      | HP: 1/45 [ogre/giant club (18)]
  2786 | D:4      | Found a staircase to the Ecumenical Temple.
  2786 | D:4      | HP: 2/46 [spatial distortion (3)]
  2906 | D:4      | HP: 2/46 [worker ant (1)]
  2909 | D:4      | Reached XP level 6. HP: 2/52 MP: 7/7
  3339 | D:4      | Noticed a slave
  3339 | D:4      | Noticed a slave
  3340 | D:4      | Noticed a slave
  3341 | D:4      | Noticed Pikel
  3344 | D:4      | Noticed a slave
  3361 | D:4      | Slain by Pikel

Skill      XL: |  1  2  3  4  5 |
---------------+----------------+-----
Armour         | 2 3 |  3.8
Axes           | 2 |  2.8
Dodging        | 1 |  1.1
Fighting       | 4 |  4.3
Invocations    | 3 |  3.3

Action                   |  1- 3 |  4- 6 || total
-------------------------+-------+-------++-------
Melee: Hand axe          |   110 |   222 ||   332
Throw: Javelin           |       |     4 ||     4
Invok: Depart the Abyss  |     1 |       ||     1
       Bend Space        |       |     1 ||     1
  Use: Scroll            |     3 |     6 ||     9
       Potion            |       |     5 ||     5
  Eat: Chunk             |    11 |    21 ||    32
Armor: Plate armour      |   125 |   183 ||   308
       Chain mail        |     4 |       ||     4
Dodge: Dodged            |    31 |    61 ||    92
